 Dungeon Crawl Stone Soup version 0.28.0 (webtiles) character file.

Game seed: 3198023120701367377

135 HallandMoats the Skirmisher (level 4, -2/37 HPs)
             Began as a Demonspawn Monk on Feb 7, 2022.
             Was a Believer of Makhleb.
             Slain by an orc (5 damage)
             ... on level 3 of the Dungeon.
             The game lasted 00:03:46 (3688 turns).

HallandMoats the Skirmisher (Demonspawn Monk)       Turns: 3688, Time: 00:03:47

Health: -2/37      AC:  8    Str: 10 (13) XL:     4   Next: 97%
Magic:  5/5        EV:  9    Int: 10 (11) God:    Makhleb [**....]
Gold:   92         SH:  4    Dex: 18      Spells: 3/3 levels left

rFire   + . .      SeeInvis .   a - +1 hand axe
rCold   . . .      Faith    .   (no shield)
rNeg    . . .      Spirit   .   h - +1 scale mail {rF+}
rPois   .          Reflect  .   (helmet restricted)
rElec   .          Harm     .   (no cloak)
rCorr   .          Rampage  .   j - +0 pair of gloves
Will    .....                   (no boots)
Stlth   +.........              (no amulet)
HPRegen 0.12/turn               (no ring)
MPRegen 0.09/turn               (no ring)

@: unable to read
A: antennae 1, condensation shield, agile 1, inability to read while threatened
a: Renounce Religion, Minor Destruction


You were on level 3 of the Dungeon.
You worshipped Makhleb.
Makhleb was pleased with you.
You visited 1 branch of the dungeon, and saw 3 of its levels.

You collected 92 gold pieces.

Inventory:

Hand Weapons
 a - a +1 hand axe (weapon)
Armour
 h - a +1 scale mail of fire resistance (worn)
 j - a +0 pair of gloves (worn)
Scrolls
 b - a scroll of magic mapping
 c - 2 scrolls of teleportation
 e - a scroll of amnesia {unknown}
Potions
 f - a potion of curing
 g - a potion of lignification {unknown}
 i - a potion of invisibility {unknown}


   Skills:
 + Level 3.6 Fighting
 + Level 3.3 Axes
 + Level 1.5 Armour
 + Level 3.3 Dodging
 - Level 1.7 Stealth
 + Level 2.5 Invocations


You had 3 spell levels left.
You didn't know any spells.
Your spell library contained the following spells:

 Spells                   Type           Power      Damage    Failure   Level
 Conjure Flame            Conj/Fire      0%         6-21      100%        3
 Gell's Gravitas          Tloc           0%         N/A       100%        3
 Ignite Poison            Fire/Tmut/Pois 0%         N/A       100%        3
 Lesser Beckoning         Tloc           0%         N/A       100%        3
 Teleport Other           Tloc           0%         N/A       100%        3
 Sticky Flame             Conj/Fire      0%         2d3       100%        4


Dungeon Overview and Level Annotations

Branches:
Dungeon (3/15)

Altars:
Fedhas
Kikubaaqudgha
Makhleb
Nemelex Xobeh
Ru
Uskayaw
Wu Jian
Zin

Shops:
D:2 *

Annotations:
D:3 Ijyb


Innate Abilities, Weirdness & Mutations

You have a pair of small antennae on your head.
A meltable shield of frost defends you. (SH +4)
You are agile. (Dex +2)
You sometimes lose the ability to read scrolls when taking damage.


Message History

You closely miss the orc priest. The orc completely misses you.
The orc priest hits you with a +0 war axe!
An orc comes into view.
It is wielding a +1 short sword of distortion.
The orc hits you but does no damage.
You barely miss the orc priest. You barely miss the orc.
The orc shouts!
The orc priest hits you with a +0 war axe.
The orc barely misses you.
You hit the orc priest but do no damage.
You closely miss the orc.
The orc priest calls down the wrath of Beogh upon you.
Pain shoots through your body! The orc hits you with a +0 club.
You barely miss the orc priest. You hit the orc but do no damage. x2
You block the orc priest's attack. The orc barely misses you. x2
You hit the orc priest but do no damage.
You hit the orc.
You kill the orc!
Makhleb accepts your kill.
You hit the orc but do no damage.
The orc priest hits you with a +0 war axe.
The orc hits you but does no damage.
The orc priest hits you with a +0 war axe.
* * * LOW HITPOINT WARNING * * *
You barely miss the orc priest. You hit the orc but do no damage.
You barely miss the orc. x2; The orc hits you but does no damage.
It was a potion of curing.
You feel better. The orc barely misses you. You block the orc's attack.
The orc priest hits you with a +0 war axe!
* * * LOW HITPOINT WARNING * * *
The orc hits you with a +0 hand axe.
* * * LOW HITPOINT WARNING * * *
It was a potion of mutation.
You feel extremely strange.
You lose the ability to read scrolls when threatened.
You feel agile. The orc hits you but does no damage. The orc barely misses you.
The orc priest hits you with a +0 war axe.
* * * LOW HITPOINT WARNING * * *
The orc hits you with a +0 hand axe.
You feel threatened and lose the ability to read scrolls!
You die...

..#......).....#.≈.8.≈.#*,,,,,,*+
.#[##...##.......≈...≈.#*,,,,,,,,
...#.....#.......≈≈.≈≈..*,*,,**,*
.####...#######..≈≈.≈≈..*,*,**,,,
.# ##.## #..≈≈.≈≈..*,,,,,,*, .#
#.# #..≈≈_≈≈..***,**,,, .# #.#
#..≈≈≈≈≈..* *,***,* ## *#+#*
#...≈≈≈...* *,***,* ##..>##
#o@o....!.* *,,,*,* ##.....##
#oo...###.* *****,* ##.......##
#.........* **,*
##.........#**#...#.####******,,,
.+.........+,,........,,,,,,,,,*,
##.........#*##..>..###*******,,,
###.......#* ##..#.* **,*
.#*#.....#* #.<#.# *,,* .#
##...## *,,*,* *,**


You could see an orc priest and 3 orcs.

Vanquished Creatures
  An orc wizard (D:3)
  3 adders
  A worm (D:2)
  4 dart slugs (D:1)
  3 orcs (D:3)
  12 ball pythons
  5 endoplasms
  2 giant cockroaches (D:2)
  2 goblins (D:1)
  11 hobgoblins
  4 quokkas
  5 bats
  4 frilled lizards
  7 kobolds
  4 rats
68 creatures vanquished.

Notes
Turn   | Place    | Note
-------+----------+-------------------------------------------
     0 | D:1      | HallandMoats the Demonspawn Monk began the quest for the
                  | Orb.
     0 | D:1      | Reached XP level 1. HP: 18/18 MP: 1/1
   192 | D:1      | Gained mutation: You have a pair of small antennae on your
                  | head. [demonic ancestry]
   192 | D:1      | Reached XP level 2. HP: 23/24 MP: 2/2
   323 | D:1      | Reached skill level 1 in Invocations
   592 | D:1      | Gained mutation: A meltable shield of frost defends you.
                  | (SH +4) [demonic ancestry]
   592 | D:1      | Reached XP level 3. HP: 25/29 MP: 2/4
  1070 | D:1      | Reached skill level 1 in Armour
  1323 | D:2      | Found Qigau's Assorted Antiques.
  1519 | D:2      | HP: 1/29 [poisoned by a kobold]
  1881 | D:2      | Reached XP level 4. HP: 30/35 MP: 5/5
  2013 | D:2      | Found a faded altar of an unknown god.
  2529 | D:3      | Noticed Ijyb
  3016 | D:3      | Found a sparkling altar of Nemelex Xobeh.
  3018 | D:3      | Found a sacrificial altar of Ru.
  3026 | D:3      | Found a blossoming altar of Fedhas.
  3029 | D:3      | Found an ornate altar of the Wu Jian Council.
  3033 | D:3      | Found a burning altar of Makhleb.
  3036 | D:3      | Found a hide-covered altar of Uskayaw.
  3044 | D:3      | Became a worshipper of Makhleb the Destroyer
  3044 | D:3      | Reached * piety under Makhleb
  3044 | D:3      | Reached ** piety under Makhleb
  3493 | D:3      | Found an ancient bone altar of Kikubaaqudgha.
  3688 | D:3      | Gained mutation: You sometimes lose the ability to read
                  | scrolls when taking damage. [potion of mutation]
  3688 | D:3      | Gained mutation: You are agile. (Dex +2) [potion of
                  | mutation]
  3688 | D:3      | Slain by an orc

Illustrated notes

Levels and vault maps discovered:
D:1:      scummos_arrival_simple_fountains, layout_loops_ring, minmay_tall_x
D:2:      layout_rooms, serial_shops, nicolae_shop_statue_plus,
          ebering_ecumenical_altar_box
D:3:      layout_loops_corners, nicolae_overflow_hallway_of_the_gods,
          mainiacjoe_overflow_catwalk, serial_shops, nicolae_shop_behind_doors,
          minivault_5, minmay_misc_feat_tower, uniq_ijyb

Skill      XL: |  1  2  3  4 |
---------------+-------------+-----
Invocations    | 1 2 |  2.5
Dodging        | 3 |  3.3
Axes           | 3 |  3.3
Armour         | 1 |  1.5
Fighting       | |  3.6
Stealth        | |  1.7

Action                   |  1- 3 |  4- 6 || total
-------------------------+-------+-------++-------
Melee: Hand axe          |   172 |    86 ||   258
       Punch             |     2 |       ||     2
  Use: Potion            |     3 |     2 ||     5
       Scroll            |       |     6 ||     6
 Stab: Sleeping          |       |     1 ||     1
Armor: Ring mail         |    67 |    16 ||    83
       Scale mail        |       |    14 ||    14
Dodge: Dodged            |    97 |    35 ||   132
Block: Other             |    20 |    11 ||    31
